 Dungeon Crawl Stone Soup version 0.31-a0-236-g9a0961fb85 (webtiles) character file.

Game seed: 2742122084700596279

95 qw the Shooter (level 4, -1/26 HPs)
             Began as a Gargoyle Hexslinger on July 10, 2023.
             Slain by a goblin
             ... wielding a +0 club
             ... led by Robin
              (4 damage)
             ... on level 3 of the Dungeon.
             The game lasted 00:00:55 (1780 turns).

qw the Shooter (Gargoyle Hexslinger)                Turns: 1780, Time: 00:00:55

Health: -1/26      AC:  8    Str: 18    XL:     4   Next: 66%
Magic:  5/5        EV: 11    Int: 13    God:
Gold:   126        SH:  0    Dex: 14    Spells: 4/5 levels left

rFire   . . .        Y - +3 sling
rCold   . . .        (no shield)
rNeg    + . .        h - +0 ring mail
rPois   inf          (no helmet)
rElec   +            (no cloak)
rCorr   .            (no gloves)
SInv    .            (no boots)
Will    .....        (no amulet)
Stlth   +            f - +6 ring of strength
HPRegen 0.24/turn    (no ring)
MPRegen 0.09/turn

%: no passive effects
@: no status effects
A: sickness immunity, AC +3, negative energy resistance 1, electricity
resistance, torment resistance 1, petrification resistance
a: no special abilities


You were on level 3 of the Dungeon.
You visited 1 branch of the dungeon, and saw 3 of its levels.

You collected 126 gold pieces.


Innate Abilities, Weirdness & Mutations

You are immune to sickness and miasma.
Your stone body is resilient. (AC +3)
You are immune to poison.
You resist negative energy. (rN+)
You are resistant to electric shocks. (rElec)
You are resistant to unholy torment.
You are immune to petrification.


   Skills:
 - Level 2.0 Fighting
 + Level 4.2 Ranged Weapons
 - Level 1.0 Armour
 - Level 1.5 Dodging
 - Level 1.0 Spellcasting
 - Level 2.6 Hexes


You had 4 spell levels left.
You knew the following spells:

 Your Spells              Type           Power      Damage    Failure   Level
a - Slow                  Hex            28%        N/A       17%         1

Your spell library contained the following spells:

 Spells                   Type           Power      Damage    Failure   Level
 Inner Flame              Hex/Fire       4%         N/A       65%         3
 Portal Projectile        Hex/Tloc       8%         N/A       65%         3
 Cause Fear               Hex            3%         N/A       86%         4

Inventory:

Hand Weapons
 Y - a +3 sling (weapon)
Armour
 h - a +0 ring mail (worn)
Jewellery
 f - a +6 ring of strength (left hand)
Scrolls
 a - a scroll of teleportation {unknown}
Potions
 b - a potion of invisibility {unknown}
 e - a potion of might {unknown}
 g - a potion of heal wounds {unknown}
 l - a potion of degeneration {unknown}

Dungeon Overview and Level Annotations

Branches:
Dungeon (3/15)

Altars:
Makhleb
Sif Muna
The Shining One


Message History

The goblin is severely wounded.
The goblin no longer looks unusually strong. x2
The goblin barely misses you. The goblin closely misses you.
The hobgoblin completely misses you.
The hobgoblin hits you but does no damage.
You shoot a sling bullet.
The sling bullet barely misses the goblin.
The goblin no longer looks unusually strong. x2
The goblin hits you but does no damage. x2; The hobgoblin barely misses you. x2
You shoot a sling bullet. The sling bullet hits the goblin.
You kill the goblin!
The goblin hits you but does no damage. The hobgoblin closely misses you.
The hobgoblin hits you but does no damage.
The goblin hits you with a +0 club. The hobgoblin barely misses you.
The hobgoblin hits you but does no damage.
The goblin hits you but does no damage.
You shoot a sling bullet. The sling bullet hits the goblin!
You kill the goblin!
The goblin closely misses you. The hobgoblin misses you.
The hobgoblin hits you but does no damage.
You shoot a sling bullet.
The sling bullet barely misses the goblin.
The goblin closely misses you. The hobgoblin hits you.
The hobgoblin closely misses you. The goblin hits you with a +0 club.
You shoot a sling bullet. The sling bullet hits the goblin!
You kill the goblin!
The goblin hits you but does no damage. The hobgoblin barely misses you.
The hobgoblin hits you but does no damage.
The goblin hits you with a +0 club.
The hobgoblin hits you but does no damage.
The hobgoblin barely misses you. The goblin hits you but does no damage.
You shoot a sling bullet.
The sling bullet closely misses the goblin.
The goblin closely misses you. The goblin hits you but does no damage.
The hobgoblin misses you.
The hobgoblin hits you but does no damage.
You shoot a sling bullet.
The sling bullet barely misses the goblin.
The goblin hits you with a +0 club.
You die...

##..# ##<.##
#..## .
..#####....
#####
.?........).##
#...#
.######..
...##.[.# .#
......# #####
#ggg.# #...###
#@g.# #...#:#
#####.).#
#._.#:#
###.......#
#...#:#
##...###...#
'...#####..###
#...#
########..##
#...#
>.........#
#####
..........#
#########.#


You could see 2 hobgoblins and 2 goblins.

Vanquished Creatures
  Robin (D:3)
  An adder (D:3)
  A worm (D:3)
  A dart slug (D:3)
  5 orcs (D:3)
  6 endoplasms
  3 giant cockroaches
  11 goblins
  4 hobgoblins
  3 quokkas
  3 ball pythons (D:1)
  8 bats
  5 frilled lizards
  6 kobolds
58 creatures vanquished.

Notes
Turn   | Place    | Note
-------+----------+-------------------------------------------
     0 | D:1      | qw the Gargoyle Hexslinger began the quest for the Orb.
     0 | D:1      | Reached XP level 1. HP: 12/12 MP: 2/2
     0 | D:1      | 0 ||| qw: Version: 0.3-a-52-g30416fa
     0 | D:1      | 0 ||| qw: Game counter: 4742
     0 | D:1      | 0 ||| qw: Melee chars always use a shield: true
     0 | D:1      | 0 ||| qw: God list: Okawaru
     0 | D:1      | 0 ||| qw: Allow faded altars: false
     0 | D:1      | 0 ||| qw: Do Orc after clearing Dungeon:15 true
     0 | D:1      | 0 ||| qw: Do second Lair branch before Depths: true
     0 | D:1      | 0 ||| qw: Lair rune preference: random
     0 | D:1      | 0 ||| qw: Goals: Normal
     0 | D:1      | 0 ||| PLANNING D:1-11
    93 | D:1      | Reached XP level 2. HP: 16/16 MP: 3/3
   205 | D:1      | Reached skill level 3 in Ranged Weapons
   270 | D:1      | 270 ||| FLEEEEING.
   272 | D:1      | 272 ||| FLEEEEING.
   273 | D:1      | 273 ||| FLEEEEING.
   351 | D:1      | Reached XP level 3. HP: 21/21 MP: 4/4
   539 | D:1      | 539 ||| UPGRADING to +0 ring mail.
   549 | D:1      | 549 ||| DROPPING +0 robe.
   550 | D:1      | 550 ||| UPGRADING to +6 ring of strength.
   551 | D:1      | 551 ||| READING scroll labelled DAKLEL XAEHE.
   552 | D:1      | 552 ||| READING scroll labelled ORYUDW LUIGODILI.
   553 | D:1      | 553 ||| DROPPING scroll of poison.
   695 | D:2      | Found a burning altar of Makhleb.
  1146 | D:2      | 1146 ||| READING scroll labelled YRRUUKUERPH.
  1147 | D:2      | 1147 ||| READING scroll labelled GAGUUSU PIPT.
  1164 | D:2      | 1164 ||| READING scroll labelled OXUOSAI PESUF.
  1165 | D:2      | 1165 ||| READING 2 scrolls labelled TIMAUCYOMNU.
  1166 | D:2      | 1166 ||| READING scroll labelled REPICY NOIMPA.
  1167 | D:2      | 1167 ||| READING scroll labelled OWAOPN KEME.
  1168 | D:2      | 1168 ||| READING scroll labelled PIROSOW SAEPN.
  1269 | D:2      | 1269 ||| DROPPING scroll of revelation.
  1294 | D:3      | Found a faded altar of an unknown god.
  1329 | D:3      | Found a glowing golden altar of the Shining One.
  1451 | D:3      | Reached XP level 4. HP: 26/26 MP: 5/5
  1481 | D:3      | Reached skill level 4 in Ranged Weapons
  1514 | D:3      | 1514 ||| READING scroll of enchant weapon.
  1514 | D:3      | 1514 ||| ENCHANTING +2 sling.
  1718 | D:3      | Found a shimmering blue altar of Sif Muna.
  1757 | D:3      | Noticed Robin
  1764 | D:3      | Reached skill level 1 in Armour
  1766 | D:3      | Killed Robin
  1777 | D:3      | HP: 5/26 [hobgoblin[Robin] (4)]
  1780 | D:3      | Slain by a goblin

Levels and vault maps discovered:
D:1:      heliophobic_arrival_henge, layout_rooms, minmay_misc_feat_hallway,
          serial_bayou_pond_c, minmay_misc_feat_five
D:2:      layout_loops_cross, basic_altar
D:3:      layout_rooms, overflow_temple_1_default,
          nicolae_sif_muna_little_library, nicolae_ecumenical_oubliette,
          minivault_5, uniq_robin, uniq_grinder

Skill      XL: |  1  2  3  4 |
---------------+-------------+-----
Ranged Weapons | 3 4 |  4.2
Fighting       | 2 |  2.0
Armour         | 1 |  1.0
Dodging        | |  1.5
Spellcasting   | |  1.0
Hexes          | |  2.6

Action                     |  1- 3 |  4- 6 || total
---------------------------+-------+-------++-------
   Fire: Sling             |   139 |    68 ||   207
    Use: Scroll            |     9 |     1 ||    10
 Armour: Robe              |    15 |       ||    15
         Ring mail         |    14 |    38 ||    52
  Dodge: Dodged            |    35 |    56 ||    91

Table legend:
 A = Non-vault XP
 B = Vault XP
 C = Vault XP percentage of total XP
 D = Non-vault monster count
 E = Vault monster count
 F = Vault count percentage of total count
                 A         B        C        D         E       F
            +---------+---------+-------+---------+---------+-------
      Total |     108 |      29 |  21.2 |      50 |       8 |  13.8
            +---------+---------+-------+---------+---------+-------
        D:1 |      42 |       0 |   0.0 |      25 |       0 |   0.0
        D:2 |      16 |       0 |   0.0 |      10 |       0 |   0.0
        D:3 |      50 |      29 |  36.7 |      15 |       8 |  34.8
            +---------+---------+-------+---------+---------+-------
